 Dungeon Crawl Stone Soup version 0.31-a0-354-g827e0957a7 (webtiles) character file.

Game seed: 14367394079591154281

49 hashsling the Twirler (level 3, -8/22 HPs)
             Began as a Gargoyle Gladiator on July 23, 2023.
             Was a Follower of Makhleb.
             Mangled by a gnoll
             ... wielding a +2 vampiric halberd
              (9 damage)
             ... on level 2 of the Dungeon.
             The game lasted 00:16:07 (1530 turns).

hashsling the Twirler (Gargoyle Gladiator)          Turns: 1530, Time: 00:16:07

Health: -8/22      AC:  8    Str: 19    XL:     3   Next: 77%
Magic:  3/3        EV: 12    Int:  8    God:    Makhleb [*.....]
Gold:   132        SH:  0    Dex: 11    Spells: 1/2 levels left

rFire   + . .        a - +0 quarterstaff
rCold   + . .        (shield currently unavailable)
rNeg    + . .        b - +0 leather armour
rPois   ∞            c - +0 helmet
rElec   +            (no cloak)
rCorr   +            f - +0 pair of gloves
SInv    .            (no boots)
Will    .....        (no amulet)
Stlth   +            u - ring of flight
HPRegen 0.23/turn    (no ring)
MPRegen 0.08/turn

%: no passive effects
@: mighty, brilliant, resistant, flying
A: sickness immunity, AC +3, negative energy resistance 1, electricity
resistance, torment resistance 1, petrification resistance
a: Renounce Religion


You were on level 2 of the Dungeon.
You worshipped Makhleb.
Makhleb was aware of your devotion.
You visited 1 branch of the dungeon, and saw 3 of its levels.

You collected 132 gold pieces.

Inventory:

Hand Weapons
 a - a +0 quarterstaff (weapon)
Missiles
 d - 2 throwing nets
Armour
 b - a +0 leather armour (worn)
 c - a +0 helmet (worn)
 f - a +0 pair of gloves (worn)
 t - a +0 plate armour
Magical Staves
 g - a staff of poison
Jewellery
 u - a ring of flight (left hand)
Scrolls
 e - a scroll of blinking {unknown}
 h - 2 scrolls of noise {unknown}
 i - a scroll of identify {unknown}
 m - a scroll of vulnerability {unknown}
 p - 2 scrolls of fog {unknown}
 s - a scroll of revelation {unknown}
Potions
 n - a potion of might
 r - a potion of berserk rage {unknown}


   Skills:
 + Level 2.8 Fighting
 + Level 3.3 Staves
 - Level 2.0 Throwing
 + Level 1.4 Armour
 + Level 2.7 Dodging
 + Level 0.3 Conjurations


You had one spell level left.
You knew the following spells:

 Your Spells              Type           Power      Damage    Failure   Level
a - Magic Dart            Conj           0%         1d3       41%         1

Your spell library contained the following spells:

 Spells                   Type           Power      Damage    Failure   Level
 Call Imp                 Summ           0%         N/A       61%         2
 Mephitic Cloud           Conj/Pois/Air  0%         N/A       83%         3


Dungeon Overview and Level Annotations

Branches:
Dungeon (3/15)

Altars:
Makhleb
Yredelemnul
Zin

Shops:
D:2 *


Innate Abilities, Weirdness & Mutations

You are immune to sickness and miasma.
Your stone body is resilient. (AC +3)
You are immune to poison.
You resist negative energy. (rN+)
You are resistant to electric shocks. (rElec)
You are resistant to unholy torment.
You are immune to petrification.


Message History

You are confused.
You feel invigorated. The gnoll hits you but does no damage.
The gnoll barely misses you.
It was a potion of brilliance.
You feel clever all of a sudden. The gnoll closely misses you.
The gnoll hits you from afar with a +2 vampiric halberd.
You bump into the rock wall.
The gnoll hits you but does no damage.
The gnoll hits you from afar with a +2 vampiric halberd!
The gnoll attacks as you move away! The gnoll hits you with a +0 club.
You feel less invigorated.
You feel less confused. The gnoll attacks as you move away!
The gnoll misses you.
Casting: Magic Dart (safe; 41% risk of failure)
Confirm with . or Enter, or press ? or * to list all spells.
Aiming: Magic Dart (safe; 41% risk of failure)
Press: ? - help, Shift-Dir - straight line, f/p - gnoll
Aim: a gnoll, wielding a +0 halberd (moderately wounded, 100% to hit)
You feel a surge of power!
You miscast Magic Dart.
You are very lightly contaminated with residual magic.
Nothing appears to happen.
The gnoll barely misses you.
The gnoll hits you from afar with a +2 vampiric halberd.
You barely miss the gnoll. The gnoll closely misses you.
The gnoll barely misses you. The gnoll completely misses you.
The gnoll hits you from afar with a +2 vampiric halberd!
Your magical contamination has completely faded away.
The gnoll attacks as you move away! The gnoll barely misses you.
The gnoll attacks as you move away! The gnoll hits you with a +0 club.
* * * LOW HITPOINT WARNING * * *
The gnoll attacks as you move away! The gnoll hits you with a +0 club.
* * * LOW HITPOINT WARNING * * *
It was a potion of resistance.
You feel protected. The gnoll hits you with a +0 club.
* * * LOW HITPOINT WARNING * * *
It was a potion of might.
You feel very mighty all of a sudden. The gnoll barely misses you.
The gnoll hits you from afar with a +2 vampiric halberd!
You die...

.....# ##.###.#######.# #.#
.....# #..............# #.###
.....# #..#.#.######### #.<..
...#######..#.#.# #.###
##.##.......###.### #....
..................# #####
......#..#..#####.#
.........#..#####.###############
.............ggg@................
..............###.###############
....####.#..#.# #.....# ## ....#
#g#..#g# #####.# ####. ###.#
#.#.##.# #.....#######....
.##.####.####.# #)##...)...##.##.
.##.##....g...# #.##.#......#.###
.##.##.....#### #.##...###..#.#..
.##.##.....######.............#.#


You could see 3 gnolls.

Vanquished Creatures
  2 adders (D:2)
  A worm (D:3)
  A dart slug (D:3)
  3 endoplasms
  A giant cockroach (D:2)
  5 goblins
  4 ball pythons
  5 bats
  3 kobolds
  3 rats
28 creatures vanquished.

Notes
Turn   | Place    | Note
-------+----------+-------------------------------------------
     0 | D:1      | hashsling the Gargoyle Gladiator began the quest for the
                  | Orb.
     0 | D:1      | Reached XP level 1. HP: 12/12 MP: 1/1
   150 | D:1      | Reached XP level 2. HP: 18/18 MP: 2/2
   259 | D:1      | Found a faded altar of an unknown god.
   287 | D:1      | Prayed at the altar of an unknown god.
   287 | D:1      | Became a worshipper of Makhleb the Destroyer
   287 | D:1      | Reached * piety under Makhleb
   539 | D:2      | Reached skill level 1 in Armour
   573 | D:2      | Reached XP level 3. HP: 22/22 MP: 3/3
   671 | D:2      | Found Nemmijota's Assorted Antiques.
   720 | D:2      | Found a basalt altar of Yredelemnul.
   861 | D:2      | Learned a level 1 spell: Magic Dart
  1271 | D:3      | Found a glowing silver altar of Zin.
  1529 | D:2      | HP: 1/22 [gnoll/+0 club (5)]
  1530 | D:2      | Mangled by a gnoll

Illustrated notes

Levels and vault maps discovered:
D:1:      minmay_arrival_wavy_path, layout_rooms,
          hellmonk_ecumenical_altar_lost_god
D:2:      layout_basic, basic_altar, serial_shops, shop
D:3:      minmay_bubble_buster, layout_loops_ring, zin_statuary,
          nrook_mini_vaults, kennysheep_another_room, minmay_unequal

Skill      XL: |  1  2 |
---------------+-------+-----
Throwing       | 2 |  2.0
Armour         | 1 |  1.4
Fighting       | |  2.8
Staves         | |  3.3
Dodging        | |  2.7
Conjurations   | |  0.3

Action                     || total
---------------------------++-------
  Melee: Quarterstaff      ||    55
  Throw: Javelin           ||     5
         Throwing net      ||     1
   Cast: Magic Dart        ||    12
    Use: Potion            ||     6
 Armour: Leather armour    ||    40
  Dodge: Dodged            ||    90

Table legend: (Time is in decaauts)
 A = Elapsed time spent in this place.
 B = Non-inter-level travel time spent in this place.
 C = Inter-level travel time spent in this place.
 D = Time resting spent in this place.
 E = Time spent auto-exploring this place.
 F = Levels seen in this place.
 G = Mean time per level.
                   A        B        C        D        E       F      G
               +--------+--------+--------+--------+--------+-----+--------+
         Total |   1540 |   1468 |     72 |      0 |   1036 |   3 |  513.3 |
       Dungeon |   1540 |   1468 |     72 |      0 |   1036 |   3 |  513.3 |
               +--------+--------+--------+--------+--------+-----+--------+

Top non-repeatable levels by time:
     D:2: 718 daAuts
     D:1: 468 daAuts
     D:3: 353 daAuts
